 Dungeon Crawl Stone Soup version 0.31-a0-473-g61b50ae490 (webtiles) character file.

Game seed: 9023262020755735577

1922 MisterAzrael the Covert (level 8, -2/36 HPs)
             Began as a Spriggan Enchanter on Aug 6, 2023.
             Slain by a wight
             ... wielding a +0 dagger
              (4 damage)
             ... on level 7 of the Dungeon on Aug 7, 2023.
             The game lasted 00:12:09 (6028 turns).

MisterAzrael the Covert (Spriggan Enchanter)        Turns: 6028, Time: 00:12:10

Health: -2/36      AC:  6    Str:  4    XL:     8   Next: 96%
Magic:  9/18       EV: 26    Int: 16    God:
Gold:   302        SH:  0    Dex: 18    Spells: 8/19 levels left

rFire   . . .        r - +4 dagger
rCold   . . .        (no shield)
rNeg    . . .        b - +0 robe
rPois   .            (helmet restricted)
rElec   .            j - scarf {+Inv}
rCorr   .            (gloves unavailable)
SInv    +            (boots unavailable)
Will    +....        (no amulet)
Stlth   +++++        h - +5 ring of evasion
HPRegen 0.26/turn    f - +4 ring of protection
MPRegen 0.16/turn

%: no passive effects
@: very quick
A: very small, no large weapons, unfitting armour, see invisible, speed 3
a: Evoke Invisibility


You were on level 7 of the Dungeon.
You visited 1 branch of the dungeon, and saw 8 of its levels.

You collected 302 gold pieces.

Inventory:

Hand Weapons
 a - a +1 dagger
 r - a +4 dagger (weapon)
 t - a +0 rapier
Missiles
 e - 2 throwing nets
Armour
 b - a +0 robe (worn)
 j - a scarf of invisibility (worn)
Jewellery
 d - a ring of protection from fire
 f - a +4 ring of protection (right hand)
 h - a +5 ring of evasion (left hand)
 l - a ring of protection from cold
 p - a ring of flight
 x - a ring of fire
Wands
 k - a wand of flame (12)
 u - a wand of roots (6)
 A - a wand of charming (3)
Scrolls
 g - 2 scrolls of identify
 n - a scroll of immolation
 s - 2 scrolls of amnesia
 v - a scroll of revelation
 w - a scroll of torment
 y - a scroll of enchant armour
Potions
 c - 2 potions of invisibility
 i - a potion of brilliance
 m - 2 potions of lignification
 o - 2 potions of haste
 q - a potion of curing
 z - a potion of enlightenment {unknown}


   Skills:
 + Level 5.2 Short Blades
 - Level 6.8 Dodging
 * Level 11.4 Stealth
 + Level 6.0 Spellcasting
 + Level 6.6 Hexes
 * Level 0.8 Evocations


You had 8 spell levels left.
You knew the following spells:

 Your Spells              Type           Power      Damage    Failure   Level
a - Ensorcelled Hibernat  Hex/Ice        30%        N/A       5%          2
b - Confusing Touch       Hex            26%        N/A       2%          3
c - Tukima's Dance        Hex            26%        N/A       2%          3
d - Dazzling Flash        Conj/Hex       30%        N/A       11%         3

Your spell library contained the following spells:

 Spells                   Type           Power      Damage    Failure   Level
 Apportation              Tloc           8%         N/A       14%         1
 Necrotise                Necr           16%        1d4       14%         1
 Summon Small Mammal      Summ           16%        N/A       14%         1
 Scorch                   Fire           8%         2d5       21%         2
 Silence                  Hex/Air        7%         N/A       69%         5
 Flame Wave               Conj/Fire      4%         2d5       80%         4
 Agony                    Necr           4%         N/A       98%         5
 Summon Cactus Giant      Summ           2%         N/A       100%        6


Dungeon Overview and Level Annotations

Branches:
Dungeon (8/15)
 Temple: D:4-7         Lair: D:8-11

Altars:
Ru
Zin

Shops:
D:5 =

Annotations:
D:8 Maggie


Innate Abilities, Weirdness & Mutations

You are very small and have problems with some larger weapons.
You are too small for most types of armour.
You have supernaturally acute eyesight. (SInv)
You cover ground extremely quickly. (Speed+++)


Message History

An ogre is nearby!
A kobold comes into view.
It is wielding a +0 dagger and quivering poisoned darts.
The ogre shouts!
You hear an angry hiss.
You hear a shout! x3
A kobold comes into view. It is wielding a +0 short sword.
The kobold moves out of view.
The ogre resists with some effort.
A kobold comes into view. It is wielding a +0 club.
The ogre resists with some effort.
The kobold shouts!
You hear a shout! x3
The ogre hits you with a +0 giant club!
A kobold comes into view. It is wielding a +0 whip.
A kobold comes into view. It is wielding a +0 club.
The kobold shouts!
The ogre resists with some effort.
You hear a shout!
A kobold comes into view. It is wielding a +0 dagger.
The ogre closely misses you.
The centaur unwields a +0 club.
The centaur wields a +0 shortbow.
The centaur shoots an arrow.
The arrow completely misses you.
The ogre resists with some effort.
The steam dragon breathes steam at you. The ball of steam misses you.
The ogre looks drowsy...
You are engulfed in a cloud of scalding steam.
* * * LOW HITPOINT WARNING * * *
You are too injured to fight recklessly!
The helpless ogre fails to defend itself.
You stick the ogre like a pincushion!!!
You kill the ogre!
You are engulfed in a cloud of scalding steam.
* * * LOW HITPOINT WARNING * * *
The kobold misses you.
Really walk into that cloud of steam? [Y]es or [N]o only, please.
Really walk into that cloud of steam? [Y]es or [N]o only, please.
Really walk into that cloud of steam?
Okay, then.
The wight hits you with a +0 dagger.
You die...

.....8..##..#..
.................
#.##.....#.....
....#....##......
.##8......#......##
#..#####.....
.#........#####. ##..#
#####. .##.......#
####8##.# ## #.##......#
##........ ##.##...#'###
#......#.# #
....#)##....###......'..
##
.###).###....#..@z§..#
#.
.......##...§..§.Dc.#..#
.....
.#####.#.......?.K..#
..... .#
##.#....§§§.....# .....
.# ##..##....##.....#
...#. .#
#.####...###.K8##8.
.#### )###..# #'###
##.## ... . .))))##...
... ... .. .###..#...
.... ..


You could see a steam dragon (catching breath), a centaur, a wight and 2
kobolds.

Vanquished Creatures
  Grinder (D:4)
  Eustachio (D:4)
  A water moccasin (D:7)
  A black bear (D:7)
  An ogre (D:7)
  A centaur (D:7)
  A phantom (D:4)
  2 kobold brigands
  A bullfrog (D:7)
  3 scorpions
  5 hounds
  3 orc priests
  A jelly (D:7)
  A gnoll bouda (D:5)
  2 iguanas
  7 orc wizards
  7 adders
  7 gnolls
  A shadow imp (D:5)
  A white imp (D:7)
  An ufetubus (D:3)
  A dart slug (D:2)
  12 orcs
  7 ball pythons
  4 endoplasms
  5 giant cockroaches
  7 goblins
  10 hobgoblins
  5 jackals (D:1)
  4 quokkas
  5 bats
  4 frilled lizards
  10 kobolds
  5 rats
128 creatures vanquished.

Vanquished Creatures (others)
  A centaur (D:7)
1 creature vanquished.

Grand Total: 129 creatures vanquished

Notes
Turn   | Place    | Note
-------+----------+-------------------------------------------
     0 | D:1      | MisterAzrael the Spriggan Enchanter began the quest for the
                  | Orb.
     0 | D:1      | Reached XP level 1. HP: 9/9 MP: 5/5
   155 | D:1      | Reached XP level 2. HP: 12/13 MP: 6/6
   158 | D:1      | Learned a level 2 spell: Ensorcelled Hibernation
   277 | D:1      | Reached skill level 5 in Stealth
   466 | D:1      | Reached XP level 3. HP: 14/16 MP: 8/8
   914 | D:2      | Reached XP level 4. HP: 20/21 MP: 4/9
   939 | D:2      | Reached skill level 6 in Stealth
  1874 | D:3      | Reached XP level 5. HP: 24/24 MP: 11/11
  1914 | D:3      | Learned a level 3 spell: Confusing Touch
  2245 | D:3      | Noticed an ogre
  2497 | D:4      | Noticed Eustachio
  2507 | D:4      | Killed Eustachio
  2508 | D:4      | Reached skill level 7 in Stealth
  2508 | D:4      | Reached XP level 6. HP: 23/28 MP: 5/12
  2611 | D:4      | Found a glowing silver altar of Zin.
  2743 | D:4      | Noticed Grinder
  2756 | D:4      | Killed Grinder
  2757 | D:4      | Reached skill level 8 in Stealth
  2757 | D:4      | Reached skill level 5 in Hexes
  2757 | D:4      | Reached XP level 7. HP: 23/32 MP: 11/14
  2912 | D:4      | Found a sacrificial altar of Ru.
  3063 | D:4      | Reached skill level 5 in Dodging
  3891 | D:5      | Entered Level 5 of the Dungeon
  3901 | D:5      | Found Ylavo's Jewellery Boutique.
  3958 | D:5      | Reached skill level 9 in Stealth
  4419 | D:5      | Reached skill level 5 in Spellcasting
  4460 | D:5      | Reached XP level 8. HP: 32/36 MP: 11/16
  4663 | D:5      | Reached skill level 10 in Stealth
  5185 | D:7      | Upgraded the game from 0.31-a0-466-g98c9adc2b6 to
                  | 0.31-a0-473-g61b50ae490
  5215 | D:8      | Noticed Maggie
  5215 | D:8      | Noticed a two-headed ogre
  5497 | D:7      | Reached skill level 11 in Stealth
  5532 | D:7      | Reached skill level 5 in Short Blades
  5675 | D:7      | Learned a level 3 spell: Tukima's Dance
  5679 | D:7      | Learned a level 3 spell: Dazzling Flash
  6028 | D:7      | Slain by a wight

Illustrated notes

Levels and vault maps discovered:
D:1:      evilmike_arrival_home_sweet_home, layout_basic
D:2:      layout_loops_cross
D:3:      layout_basic, minmay_ogre_servants
D:4:      layout_basic, nicolae_ru_path_of_blood, zin_statuary, uniq_grinder,
          uniq_eustachio
D:5:      nicolae_cairo_tiling_very_big, layout_rooms, serial_shops,
          nicolae_shop_tiny_glass, lexackson_kobold_supper
D:6:      layout_basic, grunt_dithmenos_smoke_and_mirrors,
          nemelex_xobeh_ov_fountains_minmay, mainiacjoe_overflow_paths,
          gammafunk_ghost_grave, minivault_23, minivault_5, uniq_sigmund,
          uniq_pikel
D:7:      hellmonk_crumbling_castle, layout_loops_ring
D:8:      layout_cave_pools, elyvilon_altar_4, kennysheep_mini, serial_undead,
          serial_undead_a, serial_undead_d, serial_undead_d, serial_undead_c,
          serial_undead_f, dk_noncrumbling_2, uniq_maggie, uniq_grum

Skill      XL: |  1  2  3  4  5  6  7  8 |
---------------+-------------------------+-----
Dodging        | 3 4 5 6 |  6.8
Stealth        | 5 6 7 8 9 11 | 11.4
Spellcasting   | 3 4 5 6 |  6.0
Hexes          | 4 5 6 |  6.6
Short Blades   | 2 3 4 5 |  5.2
Evocations     | |  0.8

Action                     |  1- 3 |  4- 6 |  7- 9 || total
---------------------------+-------+-------+-------++-------
  Melee: Dagger            |   128 |    91 |   172 ||   391
         Punch             |     1 |     1 |       ||     2
   Cast: Ensorcelled Hiber |     7 |    11 |    85 ||   103
         Confusing Touch   |       |     1 |       ||     1
  Evoke: Wand              |       |       |     2 ||     2
    Use: Scroll            |       |     3 |     5 ||     8
         Potion            |       |       |     5 ||     5
   Stab: Sleeping          |    10 |    15 |    42 ||    67
         Confused          |       |     2 |       ||     2
 Armour: Robe              |    14 |     7 |    35 ||    56
         Skin              |       |       |     4 ||     4
  Dodge: Dodged            |   130 |    73 |   283 ||   486

Table legend: (Time is in decaauts)
 A = Elapsed time spent in this place.
 B = Non-inter-level travel time spent in this place.
 C = Inter-level travel time spent in this place.
 D = Time resting spent in this place.
 E = Time spent auto-exploring this place.
 F = Levels seen in this place.
 G = Mean time per level.
                   A        B        C        D        E       F      G
               +--------+--------+--------+--------+--------+-----+--------+
         Total |   4388 |   4312 |     76 |    715 |   2687 |   8 |  548.5 |
       Dungeon |   4388 |   4312 |     76 |    715 |   2687 |   8 |  548.5 |
               +--------+--------+--------+--------+--------+-----+--------+

Top non-repeatable levels by time:
     D:4: 1305 daAuts
     D:5: 847 daAuts
     D:7: 647 daAuts
     D:2: 561 daAuts
     D:1: 542 daAuts
     D:3: 451 daAuts
     D:6: 31 daAuts
     D:8: 1 daAuts
